Map: 死亡光环-天梯版

Players

Cyan - Winner!

  • Race: Protoss Protoss
  • League: Master

JoliwaLoves

  • Race: Protoss Protoss

Event: DreamHack SC2 Masters 2020 Winter

VOD

Have the link to the VOD?

Description

Time

  • Played on: Oct. 29, 2020, 7:50 a.m.
  • Length: 4:54

All games in this series

Show
View Real Time Build Order
Export as new Build Order

Cyan Protoss - Winner!

Build Orders:  

Get SALT Encoding   

  12  0:00  Probe  
  13  0:12  Probe  
  14  0:18  Pylon  
  14  0:24  Probe (Chrono Boost)  
  15  0:37  Gateway, Probe (Chrono Boost)  
  16  0:44  Probe (Chrono Boost)  
  16  0:46  Assimilator  
  17  0:52  Probe  
  17  0:56  Assimilator  
  18  1:04  Probe (Chrono Boost)  
  19  1:08  Gateway  
  19  1:15  Probe (Chrono Boost)  
  20  1:19  Probe (Chrono Boost)  
  20  1:24  Cybernetics Core  
  21  1:30  Probe  
  22  1:34  Pylon  
  22  1:42  Probe  
  23  1:54  Probe  
  23  1:58  Warp Gate (Chrono Boost)  
  23  2:00  Adept x2  
  28  2:04  Pylon  
  28  2:16  Robotics Facility  
  28  2:30  Stalker x2  
  32  2:42  Gateway  
  31  3:00  Stalker x2  
  35  3:06  Warp Prism (Chrono Boost)  
  37  3:16  Pylon  
  37  3:35  Observer  
  37  3:39  Stalker  
  37  3:40  Stalker  
  42  3:42  Stalker  
  44  3:49  Pylon  
  44  4:02  Sentry  
  44  4:07  Stalker  
  44  4:08  Stalker  
  50  4:15  Pylon  
  48  4:39  Stalker x2  
  48  4:40  Stalker  
Show
View Real Time Build Order
Export as new Build Order

JoliwaLoves Protoss 

Build Orders:  

Get SALT Encoding   

  12  0:00  Probe  
  13  0:12  Probe  
  14  0:18  Pylon  
  14  0:25  Probe  
  15  0:37  Gateway, Probe (Chrono Boost)  
  16  0:47  Assimilator  
  16  0:48  Probe (Chrono Boost)  
  17  0:52  Probe (Chrono Boost)  
  17  0:55  Assimilator  
  18  1:03  Probe (Chrono Boost)  
  19  1:09  Gateway  
  19  1:14  Probe (Chrono Boost)  
  20  1:19  Probe (Chrono Boost)  
  20  1:24  Cybernetics Core  
  21  1:29  Probe  
  22  1:39  Pylon  
  22  1:43  Probe  
  23  1:57  Probe  
  24  2:05  Stalker x2, Warp Gate  
  28  2:25  Pylon  
  28  2:35  Stalker  
  30  2:42  Stalker  
  32  2:54  Nexus  
  32  3:02  Pylon  
  32  3:09  Sentry  
  34  3:13  Sentry  
  36  3:21  Twilight Council  
  36  3:26  Pylon  
  36  3:38  Twilight Council  
  36  3:39  Probe  
  37  3:51  Probe  
  38  3:59  Pylon  
  38  4:06  Probe x2  
  38  4:07  Adept  
  38  4:08  Adept  
  44  4:13  Pylon  
  44  4:22  Shield Battery  
  44  4:28  Pylon  
Tags
 
Add a new tag
Caveats
  • Supply blocks, unpowered buildings, or Contaminate may cause inaccurate times.
  • Supply counts are checked every 10 seconds.